Map: Neon Violet Square LE

Players

SamuraiFunn

  • Race: Protoss Protoss
  • Spawn Location: 5:00

A.I. 1 (Elite) - Winner!

  • Race: Protoss Protoss
  • Spawn Location: 11:00

VOD

Have the link to the VOD?

Description

Time

  • Played on: Nov. 25, 2017, 11:34 a.m.
  • Length: 11:48
Show
View Real Time Build Order
Export as new Build Order

SamuraiFunn Protoss 

Build Orders: 1 Gate Expand 

Get SALT Encoding   

  12  0:01  Probe  
  13  0:13  Probe  
  14  0:19  Pylon  
  14  0:25  Probe  
  15  0:37  Probe  
  15  0:40  Gateway  
  16  0:49  Probe  
  17  1:01  Probe  
  18  1:15  Nexus  
  18  1:18  Probe  
  19  1:25  Assimilator  
  19  1:30  Probe  
  20  1:39  Cybernetics Core  
  20  1:42  Probe  
  21  1:47  Assimilator  
  21  1:56  Probe  
  22  2:03  Pylon  
  22  2:08  Probe  
  23  2:25  Adept (Chrono Boost)  
  23  2:29  Warp Gate (Chrono Boost)  
  25  2:37  Probe x2  
  27  2:59  Pylon  
  27  3:00  Probe x2  
  30  3:12  Probe  
  30  3:13  Probe  
  30  3:18  Gateway  
  30  3:19  Gateway  
  31  3:24  Robotics Facility  
  31  3:28  Probe x2  
  33  3:36  Assimilator  
  33  3:40  Assimilator  
  33  3:46  Probe x2  
  35  4:25  Robotics Facility  
  35  4:26  Robotics Facility  
  35  4:29  Immortal  
  39  4:35  Adept x3  
  45  4:49  Twilight Council  
  45  4:56  Probe x2  
  45  4:57  Pylon  
  47  5:08  Probe x2  
  47  5:11  Immortal  
  53  5:17  Zealot  
  53  5:18  Zealot x2  
  53  5:20  Probe x2  
  61  5:25  Pylon  
  61  5:26  Pylon  
  61  5:28  Forge x2  
  61  5:37  Charge  
  61  5:43  Immortal  
  65  5:51  Robotics Bay  
  65  6:02  Probe x2  
  67  6:14  Probe  
  67  6:15  Probe  
  69  6:20  Immortal  
  69  6:21  Immortal  
  77  6:27  Probe  
  78  6:42  Nexus  
  78  6:43  Pylon  
  78  6:45  Pylon  
  78  6:53  Protoss Ground Weapons Level 1  
  78  6:56  Protoss Ground Armor Level 1  
  78  7:01  Probe x2  
  80  7:13  Probe x2  
  82  7:21  Zealot x3  
  88  7:29  Probe x2  
  90  7:48  Pylon  
  90  7:49  Pylon  
  90  7:51  Pylon  
  90  7:53  Colossus x2  
  102  7:58  Immortal  
  106  8:17  Nexus  
  106  8:24  Probe x2  
  106  8:25  Probe  
  109  8:42  Probe x2  
  109  8:43  Probe  
  109  8:46  Stalker x3  
  118  8:49  Colossus x2  
  130  9:04  Pylon  
  130  9:07  Probe x2  
  130  9:08  Probe  
  133  9:10  Pylon  
  133  9:20  Extended Thermal Lance (Chrono Boost)  
  133  9:22  Colossus  
  139  9:28  Protoss Shields Level 1 (Chrono Boost)  
  139  9:30  Protoss Ground Weapons Level 2 (Chrono Boost)  
  139  9:39  Zealot  
  139  9:40  Zealot x2  
  145  10:04  Probe x2, Templar Archives  
  147  10:09  Assimilator  
  147  10:13  Assimilator  
  147  10:16  Pylon  
  84  10:48  Colossus x2 (Chrono Boost)  
  86  10:51  Stalker x3  
  84  10:58  Colossus (Chrono Boost)  
  66  11:24  Stalker x3  
  61  11:36  Gateway  
  61  11:37  Gateway  
  61  11:39  Gateway  
Show
View Real Time Build Order
Export as new Build Order

A.I. 1 (Elite) Protoss - Winner!

Build Orders: 1 Gate Expand, Zealot Archon 

Get SALT Encoding   

  12  0:00  Probe  
  13  0:13  Probe  
  14  0:21  Pylon  
  14  0:25  Probe  
  15  0:39  Probe  
  16  0:51  Gateway, Probe  
  17  1:04  Probe  
  18  1:09  Assimilator  
  18  1:11  Pylon  
  18  1:16  Probe  
  19  1:28  Probe  
  20  1:33  Nexus  
  20  1:46  Cybernetics Core  
  20  1:48  Probe  
  21  1:55  Zealot  
  23  2:07  Gateway  
  23  2:09  Probe  
  24  2:19  Pylon  
  24  2:21  Probe  
  25  2:27  Zealot  
  27  2:34  Probe  
  27  2:35  Warp Gate  
  28  2:42  Assimilator  
  28  2:46  Probe x2  
  30  2:55  Adept  
  32  3:00  Adept  
  32  3:03  Probe  
  35  3:09  Pylon  
  35  3:11  Probe  
  36  3:21  Probe  
  36  3:22  Stalker  
  36  3:23  Probe  
  40  3:33  Probe  
  40  3:35  Probe  
  41  3:43  Robotics Facility  
  41  3:45  Probe  
  41  3:47  Adept  
  44  3:49  Probe  
  45  3:57  Probe, Adept  
  45  4:02  Probe  
  49  4:09  Probe  
  50  4:14  Probe, Adept  
  50  4:16  Pylon  
  53  4:21  Probe  
  54  4:26  Probe  
  55  4:31  Immortal  
  55  4:33  Probe  
  55  4:37  Stalker  
  55  4:38  Probe  
  62  4:39  Pylon  
  62  4:45  Probe  
  62  4:49  Stalker  
  62  4:50  Probe  
  66  4:58  Probe, Robotics Facility  
  67  5:00  Stalker  
  67  5:02  Probe  
  70  5:11  Probe, Immortal  
  75  5:14  Probe  
  75  5:19  Pylon  
  76  5:22  Pylon  
  76  5:24  Sentry  
  76  5:27  Twilight Council  
  78  5:36  Assimilator  
  78  5:38  Assimilator  
  78  5:40  Probe  
  79  5:47  Gateway  
  79  5:54  Zealot  
  81  5:58  Probe, Pylon  
  81  5:59  Probe  
  83  6:08  Templar Archives  
  83  6:10  Probe  
  84  6:12  Probe  
  85  6:20  Forge  
  85  6:24  Forge  
  85  6:25  Nexus  
  85  6:34  Stalker  
  85  6:38  Stalker  
  85  6:39  Pylon  
  89  6:44  Stalker  
  91  6:57  Pylon, Stalker  
  93  7:01  High Templar  
  93  7:04  Protoss Ground Armor Level 1, Protoss Ground Weapons Level 1  
  93  7:06  Gateway  
  93  7:07  Sentry  
  97  7:18  Photon Cannon  
  97  7:20  High Templar  
  97  7:21  Photon Cannon  
  97  7:22  Pylon  
  99  7:24  Observer  
  100  7:30  Stalker  
  100  7:34  Zealot  
  100  7:37  Probe x3, Archon  
  105  7:42  Assimilator  
  107  7:44  Pylon  
  107  7:47  Photon Cannon  
  107  7:49  Probe x3, Assimilator  
  110  7:53  High Templar, Stalker  
  114  8:01  Probe x3, High Templar  
  114  8:05  Photon Cannon  
  119  8:06  Stalker  
  119  8:10  Pylon  
  121  8:13  Probe x2  
  121  8:15  Probe  
  121  8:16  Stalker  
  121  8:17  Archon  
  126  8:25  Probe x2  
  126  8:26  High Templar  
  130  8:27  Probe  
  130  8:29  High Templar  
  130  8:31  Photon Cannon  
  130  8:33  Photon Cannon  
  133  8:36  Sentry  
  133  8:37  Probe  
  133  8:38  Probe  
  133  8:39  Probe  
  138  8:42  Pylon  
  138  8:43  Archon  
  138  8:45  High Templar  
  140  8:49  Probe  
  140  8:53  Warp Prism  
  143  8:58  High Templar  
  145  9:03  Protoss Ground Weapons Level 2  
  145  9:04  Photon Cannon  
  145  9:10  Warp Prism  
  145  9:12  Pylon  
  145  9:13  High Templar, Archon  
  145  9:16  Gateway  
  149  9:17  Nexus  
  149  9:23  High Templar  
  151  9:29  Archon  
  151  9:32  Blink  
  151  9:35  Photon Cannon  
  155  9:38  Immortal  
  155  9:39  Pylon  
  154  9:46  Immortal  
  154  9:47  Stalker  
  154  9:50  Stalker  
  162  10:00  Pylon  
  162  10:05  Sentry  
  164  10:10  Gateway  
  164  10:12  Sentry  
  164  10:13  Zealot  
  168  10:18  Observer  
  169  10:21  Pylon, Zealot x2  
  169  10:24  Photon Cannon  
  169  10:25  Observer  
  169  10:26  Robotics Facility  
  172  10:28  Zealot  
  172  10:30  Probe, Stargate  
  172  10:33  Zealot  
  172  10:35  Zealot  
  167  10:40  Assimilator  
  167  10:41  High Templar, Pylon, Adept  
  165  10:43  Assimilator  
  165  10:49  Adept  
  157  10:53  Zealot  
  157  10:55  Zealot  
  151  11:01  Zealot  
  151  11:04  Stalker  
  155  11:08  Nexus  
  155  11:09  Adept  
  157  11:13  High Templar  
  157  11:14  Adept  
  157  11:15  Zealot  
  163  11:21  Stalker  
  165  11:27  Sentry  
  165  11:30  Stalker  
  169  11:35  Sentry  
  169  11:39  Stalker  
  169  11:44  Stalker  
  169  11:46  Sentry  
Tags
 
Add a new tag
Caveats
  • Supply blocks, unpowered buildings, or Contaminate may cause inaccurate times.
  • Supply counts are checked every 10 seconds.